 Dungeon Crawl Stone Soup version 0.18-a0-1677-g2bdad6c (webtiles) character file.

49 inmateoo the Scratcher (level 3, -1/17 HPs)
             Began as a Felid Monk on Apr 2, 2016.
             Slain by a jackal (2 damage)
             ... on level 2 of the Dungeon.
             The game lasted 00:01:33 (1316 turns).

inmateoo the Scratcher (Felid Monk)                 Turns: 1316, Time: 00:01:33

Health: -1/17      AC:  1    Str:  8    XL:     3   Next: 53%
Magic:  4/4        EV: 20    Int: 11    God:
Gold:   77         SH:  0    Dex: 18    Spells: 0 memorised, 2 levels left
                                        Lives:  0   Deaths: 0

rFire  . . .     SeeInvis +       - Unarmed
rCold  . . .     Gourm    .     (armour unavailable)
rNeg   . . .     Faith    .     (shield unavailable)
rPois  .         Spirit   .     (helmet unavailable)
rElec  .         Dismiss  .     (cloak unavailable)
rCorr  .         Reflect  .     (gloves unavailable)
SustAt .         Harm     .     (boots unavailable)
MR     .....                    (no amulet)
Stlth  +++.......               (no ring)
                                (no ring)

@: quick, not resistant to hostile enchantments, fairly stealthy
A: no armour, no weapons or thrown items, claws 1, fangs 3, see invisible,
carnivore 3, speed 1, shaggy fur 1, slow metabolism 1, sharp paws
a: no special abilities


You were on level 2 of the Dungeon.
You were very full.

You visited 1 branch of the dungeon, and saw 2 of its levels.

You collected 77 gold pieces.

Inventory:

Scrolls
 d - a scroll of enchant weapon {unknown}
 g - 2 scrolls of remove curse {unknown}
 h - a scroll of noise {unknown}
Potions
 b - a potion of berserk rage {unknown}
 c - a potion of curing {unknown}
 e - 2 potions of flight {unknown}
 f - a potion of invisibility {unknown}
Comestibles
 a - a meat ration


   Skills:
 + Level 3.2 Fighting
 + Level 4.5 Dodging
 + Level 3.4 Stealth
 * Level 4.6 Unarmed Combat


You had 2 spell levels left.
You didn't know any spells.

Dungeon Overview and Level Annotations

Branches:
Dungeon (2/15)

Altars:
Nemelex Xobeh


Innate Abilities, Weirdness & Mutations

You cannot wear armour.
You are incapable of wielding weapons or throwing items.
You have sharp claws.
You have razor-sharp teeth.
You have supernaturally acute eyesight.
You are carnivorous and can eat meat at any time.
You cover ground quickly.
You are covered in fur (AC +1).
You have a slow metabolism.
Your sharp claws are effective at attacking unaware monsters.


Message History

The jackal bites you.
* * * LOW HITPOINT WARNING * * *
You are too injured to fight recklessly!
You are too injured to fight recklessly!
You are too injured to fight recklessly!
You are too injured to fight recklessly!
A bat comes into view.
The jackal bites you.
* * * LOW HITPOINT WARNING * * *
You claw the jackal!
You kill the jackal!
The jackal closely misses you.
You barely miss the jackal. The jackal completely misses you.
You scratch the jackal. Your bite misses the jackal.
The jackal is moderately wounded.
The jackal completely misses you.
You scratch the jackal but do no damage.
The jackal is moderately wounded.
The jackal bites you.
You die...

##.##.# .....# .
# #.##.#####.
#.##....b.....
..........##
#........##.#
#..........$.
#######........##
#..@hh........##
#.####..#....##
#.###.#.##.......
#.##.###...######
#.#.## #..##
#..## ##..# #.#.#
###...#
#.##.##.....##
..# #.#
#.#.#....####..


You could see 2 jackals.

Vanquished Creatures
  An ooze (D:2)
  2 dart slugs (D:1)
  A giant gecko (D:2)
  2 giant cockroaches
  7 goblins
  7 hobgoblins
  2 jackals (D:2)
  6 bats
  3 giant newts
  2 kobolds
  3 rats (D:2)
36 creatures vanquished.

Notes
Turn   | Place    | Note
--------------------------------------------------------------
     0 | D:1      | inmateoo the Felid Monk began the quest for the Orb.
     0 | D:1      | Reached XP level 1. HP: 10/10 MP: 2/2
   229 | D:1      | Reached XP level 2. HP: 14/14 MP: 3/3
   945 | D:1      | Found a sparkling altar of Nemelex Xobeh.
  1138 | D:2      | Reached XP level 3. HP: 14/17 MP: 4/4
  1316 | D:2      | Slain by a jackal

Vault maps used:
D:1:      matt_arrival_los_fun, serial_forest, infiniplex_forest_end_3,
          infiniplex_forest_straight_1, infiniplex_forest_fountain,
          infiniplex_forest_corner_1, infiniplex_forest_clump_double,
          infiniplex_forest_side_room, dk_noncrumbling_4, nemelex_altar_shiori
D:2:      first_bread, minmay_close_crescents

Skill      XL: |  1 |
---------------+----+-----
Stealth        | 3 |  3.4
Fighting       | |  3.2
Dodging        | |  4.5
Unarmed Combat | |  4.6

Action                   || total
-------------------------++-------
Melee: Unarmed           ||    84
 Stab: Sleeping          ||     8
  Eat: Chunk             ||     7
